 Dungeon Crawl Stone Soup version 0.28-a0-1493-g08698888e4 (webtiles) character file.

Game seed: 18185048328445564877

614 knot the Chopper (level 7, -4/78 HPs)
             Began as a Demonspawn Berserker on Jan 13, 2022.
             Was a Believer of Trog.
             Slain by a killer bee (8 damage)
             ... on level 3 of the Dungeon.
             The game lasted 00:05:52 (4410 turns).

knot the Chopper (Demonspawn Berserker)             Turns: 4410, Time: 00:05:53

Health: -4/78      AC:  6    Str: 17    XL:     7   Next: 20%
Magic:  7/7        EV: 10    Int: 11    God:    Trog [**....]
Gold:   132        SH:  5    Dex: 12    Spells: 6/6 levels left

rFire   . . .      SeeInvis .   a - +0 hand axe
rCold   . . .      Faith    .   m - +2 buckler
rNeg    . . .      Spirit   .   n - +0 scale mail
rPois   .          Reflect  .   (helmet restricted)
rElec   .          Harm     .   (no cloak)
rCorr   .          Rampage  .   (no gloves)
Will    ++...                   (no boots)
Stlth   ..........              (no amulet)
HPRegen 1.23/turn               (no ring)
MPRegen 0.20/turn               (no ring)

@: berserking, lethally poisoned (-4 -> -6), strong-willed, regenerating, very
quick
A: antennae 2, magic regeneration, sturdy frame 1
a: Renounce Religion, Berserk, Trog's Hand


You were on level 3 of the Dungeon.
You worshipped Trog.
Trog was pleased with you.
You visited 1 branch of the dungeon, and saw 4 of its levels.

You collected 132 gold pieces.

Inventory:

Hand Weapons
 a - a +0 hand axe (weapon)
Missiles
 c - 137 stones (quivered)
 d - a throwing net
 j - 7 sling bullets
Armour
 l - a +0 robe of fire resistance
 m - a +2 buckler (worn)
 n - a +0 scale mail (worn)
Wands
 k - a wand of digging (8)
Scrolls
 f - a scroll of fear {unknown}
 g - a scroll of acquirement {unknown}
 i - a scroll of noise {unknown}
 o - a scroll of vulnerability {unknown}
 r - 2 scrolls of teleportation {unknown}
 s - a scroll of holy word {unknown}
 t - a scroll of enchant armour {unknown}
Potions
 b - a potion of might {unknown}
 e - a potion of attraction {unknown}
 h - a potion of lignification {unknown}
 p - 2 potions of berserk rage {unknown}
 q - 2 potions of brilliance {unknown}


   Skills:
 - Level 3.0 Fighting
 + Level 7.7 Axes
 - Level 1.7 Armour
 - Level 1.7 Dodging


You had 6 spell levels left.
You didn't know any spells.
Your spell library contained the following spells:

 Spells                   Type           Power      Damage    Failure   Level
 Animate Skeleton         Necr           0%         N/A       71%         1
 Apportation              Tloc           0%         N/A       71%         1
 Summon Small Mammal      Summ           0%         N/A       71%         1


Dungeon Overview and Level Annotations

Branches:
Dungeon (4/15)
 Temple: D:4-7

Altars:
Cheibriados
Kikubaaqudgha

Shops:
D:1 =


Innate Abilities, Weirdness & Mutations

You have a pair of antennae on your head.
You regenerate magic rapidly.
Your movements are slightly less encumbered by armour. (ER -2)


Message History

The killer bee stings you.
You feel sick. The killer bee misses you.
You feel sick. The killer bee stings you.
You feel sick.
There is a stone staircase leading up, spattered with blood here.
You feel sick. The killer bee stings you.
You are more poisoned.
The killer bee poisons you! The killer bee stings you.
You block the killer bee's attack.
You climb upwards.
You feel very sick.
There is a stone staircase leading down here.
Your skin crawls.
You feel strong-willed.
You feel sick. You block the killer bee's attack. The killer bee misses you.
You block the killer bee's attack. The killer bee barely misses you.
You fail to use your ability.
You feel sick. The killer bee completely misses you. The killer bee stings you.
The killer bee closely misses you. The killer bee barely misses you.
You feel sick. The killer bee stings you. x2
* * * LOW HITPOINT WARNING * * *
A red film seems to cover your vision as you go berserk!
You feel yourself moving faster!
You feel mighty!
You feel sick. You block the killer bee's attack. The killer bee stings you!
* * * LOW HITPOINT WARNING * * *
You are more poisoned.
The killer bee poisons you! The killer bee stings you!
* * * LOW HITPOINT WARNING * * *
You are more poisoned.
The killer bee poisons you! The killer bee closely misses you.
You miss the killer bee. You barely miss the killer bee.
You feel sick. The killer bee barely misses you.
You block the killer bee's attack.
You miss the killer bee. You barely miss the killer bee.
You feel sick.
The killer bee stings you but does no damage.
The killer bee barely misses you. The killer bee misses you.
You miss the killer bee. You hit the killer bee.
You feel sick. You block the killer bee's attack. x2
You miss the killer bee. You barely miss the killer bee.
You feel sick. The killer bee stings you!
You die...

###...##.##..#...............#.##
............##.........#####.#.#
##.###.....###...####.##.....#.#
#.........##................#.#
############....)....#......#.##
###### #.........#......#...
#....# #.........##.....#...
#....# #...yy....##.....#...
#....#####...@.....##.....#...
#..................##.....#...
#............########....##...
#............# ########..
#....######### ### #....# ######


You could see 2 killer bees.

Vanquished Creatures
  Sigmund (D:3)
  A black bear (D:4)
  A phantom (D:3)
  A wyvern skeleton (D:4)
  Jessica (D:2)
  Natasha (thrice) (D:3)
  An iguana (D:3)
  Terence (D:3)
  Robin (D:2)
  An adder (D:3)
  An adder skeleton (D:4)
  3 dart slugs
  3 orcs
  7 endoplasms
  13 goblins
  2 hobgoblins
  2 jackals (D:3)
  2 quokkas (D:4)
  5 ball pythons (D:1)
  6 bats
  3 frilled lizards
  3 kobolds
  A rat (D:2)
63 creatures vanquished.

Notes
Turn   | Place    | Note
-------+----------+-------------------------------------------
     0 | D:1      | knot the Demonspawn Berserker began the quest for the Orb.
     0 | D:1      | Reached XP level 1. HP: 18/18 MP: 1/1
    77 | D:1      | Found a faded altar of an unknown god.
   200 | D:1      | Found Surph's Jewellery Shop.
   305 | D:1      | Reached skill level 3 in Axes
   670 | D:1      | Gained mutation: You have a pair of small antennae on your
                  | head. [demonic ancestry]
   670 | D:1      | Reached XP level 2. HP: 19/24 MP: 2/2
  1396 | D:2      | Noticed Robin
  1407 | D:2      | Gained mutation: Your movements are slightly less
                  | encumbered by armour. (ER -2) [demonic ancestry]
  1407 | D:2      | Reached XP level 3. HP: 21/29 MP: 3/3
  1412 | D:2      | Killed Robin
  1413 | D:2      | Reached skill level 4 in Axes
  2128 | D:2      | Noticed Jessica
  2133 | D:2      | Killed Jessica
  2134 | D:2      | Reached XP level 4. HP: 35/35 MP: 4/4
  2652 | D:3      | Noticed Natasha
  2657 | D:3      | Killed Natasha
  2752 | D:3      | Noticed Sigmund
  2756 | D:3      | Killed Sigmund
  2757 | D:3      | Reached skill level 6 in Axes
  2757 | D:3      | Gained mutation: You have a pair of antennae on your head.
                  | [demonic ancestry]
  2757 | D:3      | Reached XP level 5. HP: 37/41 MP: 5/5
  2757 | D:3      | Gained mutation: You regenerate magic rapidly. [demonic
                  | ancestry]
  2757 | D:3      | Reached XP level 6. HP: 43/47 MP: 6/6
  2841 | D:3      | Noticed Natasha
  2864 | D:3      | Killed Natasha
  3038 | D:3      | Noticed Natasha
  3039 | D:3      | Reached ** piety under Trog
  3045 | D:3      | Killed Natasha
  3210 | D:3      | Found a snail-covered altar of Cheibriados.
  3585 | D:3      | Found an ancient bone altar of Kikubaaqudgha.
  3622 | D:3      | Noticed Terence
  3646 | D:3      | Killed Terence
  4268 | D:4      | Reached skill level 7 in Axes
  4272 | D:4      | Reached XP level 7. HP: 52/52 MP: 7/7
  4410 | D:3      | Slain by a killer bee

Illustrated notes

Levels and vault maps discovered:
D:1:      dpeg_arrival_line_fractal, layout_basic, serial_shops, shop,
          chequers_ecumenical_altar_lobes
D:2:      layout_basic, uniq_robin, uniq_jessica
D:3:      layout_basic, mainiacjoe_overflow_small_starburst,
          nicolae_kikubaaqudgha_miasma_corner, grunt_decor_mini_mirrors,
          uniq_terence, uniq_sigmund, uniq_natasha
D:4:      layout_rooms, hellmonk_ghost_happy_afterlife

Skill      XL: |  1  2  3  4  5  6 |
---------------+-------------------+-----
Axes           | 3 4 6 7 |  7.7
Fighting       | |  3.0
Armour         | |  1.7
Dodging        | |  1.7

Action                   |  1- 3 |  4- 6 |  7- 9 || total
-------------------------+-------+-------+-------++-------
Melee: Hand axe          |    72 |    93 |    17 ||   182
       Punch             |     1 |       |       ||     1
       Unarmed           |       |     4 |       ||     4
Throw: Stone             |       |     1 |       ||     1
Invok: Berserk           |     2 |     5 |     1 ||     8
       Trog's Hand       |       |       |     1 ||     1
Evoke: Wand              |       |     6 |       ||     6
 Stab: Sleeping          |     1 |       |       ||     1
Armor: Animal skin       |     9 |       |       ||     9
       Chain mail        |    22 |     4 |       ||    26
       Scale mail        |       |    21 |     2 ||    23
       Skin              |       |     6 |       ||     6
Dodge: Dodged            |    48 |    41 |    19 ||   108
Block: Buckler           |       |    16 |     9 ||    25

Table legend: (Time is in decaauts)
 A = Elapsed time spent in this place.
 B = Non-inter-level travel time spent in this place.
 C = Inter-level travel time spent in this place.
 D = Time resting spent in this place.
 E = Time spent auto-exploring this place.
 F = Levels seen in this place.
 G = Mean time per level.
                   A        B        C        D        E       F      G
               +--------+--------+--------+--------+--------+-----+--------+
         Total |   4494 |   4123 |    371 |   1317 |   2292 |   4 | 1123.5 |
       Dungeon |   4494 |   4123 |    371 |   1317 |   2292 |   4 | 1123.5 |
               +--------+--------+--------+--------+--------+-----+--------+

Top non-repeatable levels by time:
     D:3: 1755 daAuts
     D:1: 1365 daAuts
     D:2: 1315 daAuts
     D:4: 58 daAuts
